 Dungeon Crawl Stone Soup version 0.30.0-29-ga12c61a403 (webtiles) character file.

Game seed: 6255335623553951343

103 Sabo the Chopper (level 5, -2/42 HPs)
             Began as a Formicid Monk on June 22, 2023.
             Slain by Blork the orc
             ... wielding a +0 scimitar
              (9 damage)
             ... on level 4 of the Dungeon.
             The game lasted 00:16:22 (2925 turns).

Sabo the Chopper (Formicid Monk)                    Turns: 2925, Time: 00:16:24

Health: -2/42      AC:  9    Str: 18    XL:     5   Next: 6%
Magic:  2/5        EV: 17    Int:  9    God:
Gold:   194        SH:  0    Dex: 16    Spells: 2/4 levels left

rFire   . . .        a - +0 hand axe
rCold   . . .        d - orb {light}
rNeg    . . .        b - +0 ring mail
rPois   .            (helmet unavailable)
rElec   .            (no cloak)
rCorr   .            q - +2 pair of gloves
SInv    +            n - +0 pair of boots
Will    .....        (no amulet)
Stlth   +            g - +5 ring of evasion
HPRegen 0.27/turn    (no ring)
MPRegen 0.09/turn

%: no passive effects
@: very slightly contaminated, glowing
A: permanent stasis, dig shafts and tunnels, antennae 3, four strong arms
a: Dig, Shaft Self


You were on level 4 of the Dungeon.
You visited 1 branch of the dungeon, and saw 4 of its levels.

You collected 214 gold pieces.
You spent 20 gold pieces at shops.

Inventory:

Hand Weapons
 a - a +0 hand axe (weapon)
 c - a +0 sling
Missiles
 f - 6 boomerangs
 h - 4 poisoned darts
Armour
 b - a +0 ring mail (worn)
 d - an orb of light (worn)
 j - a +0 plate armour
 n - a +0 pair of boots (worn)
 q - a +2 pair of gloves (worn)
Jewellery
 g - a +5 ring of evasion (left hand)
Scrolls
 e - a scroll of fog {unknown}
 i - a scroll of poison
Potions
 k - a potion of flight
 l - a potion of haste {unknown}
 m - a potion of might {unknown}
 o - a potion of attraction {unknown}


   Skills:
 + Level 4.0 Fighting
 + Level 4.1 Axes
 + Level 0.1 Armour
 + Level 3.3 Dodging
 + Level 1.1 Stealth
 + Level 0.4 Spellcasting


You had 2 spell levels left.
You knew the following spells:

 Your Spells              Type           Power      Damage    Failure   Level
a - Shock                 Conj/Air       0%         1d3       56%         1
b - Foxfire               Conj/Fire      0%         2x1d4     56%         1

Your spell library contained the following spells:

 Spells                   Type           Power      Damage    Failure   Level
 Magic Dart               Conj           0%         1d3       56%         1
 Necrotise                Necr           0%         1d4       56%         1
 Call Imp                 Summ           0%         N/A       71%         2
 Mephitic Cloud           Conj/Pois/Air  0%         N/A       91%         3
 Ozocubu's Armour         Ice            0%         N/A       91%         3
 Vampiric Draining        Necr           0%         2d6       91%         3
 Volatile Blastmotes      Fire/Tloc      0%         2d10      91%         3
 Agony                    Necr           0%         N/A       100%        5
 Starburst                Conj/Fire      0%         6d3       100%        6
 Ozocubu's Refrigeration  Ice            0%         4d7       100%        7
 Ignition                 Fire           0%         3d3       100%        8


Dungeon Overview and Level Annotations

Branches:
Dungeon (4/15)
 Temple: D:4-7

Altars:

Shops:
D:2 :   D:3 (?:!(

Annotations:
D:4 Blork the orc


Innate Abilities, Weirdness & Mutations

You cannot be hasted, slowed, berserked, paralysed or teleported.
You can dig through walls and to a lower floor.
You have a pair of large antennae on your head. (SInv)
Your four strong arms can wield two-handed weapons with a shield.


Message History

Blork the orc closely misses you.
You hit Blork the orc but do no damage.
Blork the orc is heavily wounded.
Blork the orc points at you and mumbles some strange words.
The puff of flame misses you.
You barely miss Blork the orc.
Blork the orc is heavily wounded.
Blork the orc hits you with a +0 scimitar.
Blork the orc barely misses you.
You hit Blork the orc.
Blork the orc is heavily wounded.
Blork the orc closely misses you. Blork the orc barely misses you.
You hit Blork the orc.
Blork the orc is severely wounded.
Blork the orc closely misses you.
You hit Blork the orc.
Blork the orc is severely wounded.
Blork the orc screams, "I'll crush all your ribs!
One by one!"
Blork the orc completely misses you.
Blork the orc hits you but does no damage.
You hit Blork the orc but do no damage.
Blork the orc is severely wounded.
Blork the orc closely misses you. Blork the orc completely misses you.
You hit Blork the orc.
Blork the orc is severely wounded.
Blork the orc barely misses you.
You hit Blork the orc.
Blork the orc is almost dead.
Blork the orc casts a spell at you. The puff of frost hits you!
* * * LOW HITPOINT WARNING * * *
Blork the orc points at you and mumbles some strange words.
The magic dart hits you but does no damage.
You hit Blork the orc but do no damage.
Blork the orc is almost dead.
Blork the orc points at you and mumbles some strange words.
The puff of frost hits you.
* * * LOW HITPOINT WARNING * * *
Blork the orc hits you with a +0 scimitar!
You die...

#.#
#.#.........
#.#........#
#.##.......
##.##.>...#
..........
#.#....####
#<#.......#
#....@...#
#...#..o......#
#{###.#......#.
#. #.##.......
# #.# ....#..
..# #..## . ###
..# ..#


You could see Blork the orc (fast).

Vanquished Creatures
  3 adders
  A worm (D:1)
  2 dart slugs (D:1)
  5 endoplasms
  7 giant cockroaches
  10 goblins
  3 hobgoblins
  3 jackals (D:3)
  5 kobolds
  6 quokkas
  4 ball pythons
  5 bats
  A frilled lizard (D:1)
  6 rats
61 creatures vanquished.

Notes
Turn   | Place    | Note
-------+----------+-------------------------------------------
     0 | D:1      | Sabo the Formicid Monk began the quest for the Orb.
     0 | D:1      | Reached XP level 1. HP: 18/18 MP: 1/1
   158 | D:1      | Reached XP level 2. HP: 22/24 MP: 2/2
   211 | D:1      | Got the Information on the Salamander and Ozone
   216 | D:1      | Learned a level 1 spell: Shock
   456 | D:1      | Reached XP level 3. HP: 29/30 MP: 0/3
   824 | D:1      | Found a faded altar of an unknown god.
   847 | D:1      | Got Plato's Elucidation of the Missiles
  1168 | D:2      | Reached XP level 4. HP: 26/37 MP: 4/4
  1335 | D:2      | Learned a level 1 spell: Foxfire
  1349 | D:2      | Found Noxzykapp's Vocational Training.
  2004 | D:3      | Found Gempaukh's Antique Weapon Shop.
  2161 | D:3      | Found Bakkoab's Magic Scroll Shop.
  2167 | D:3      | Bought a scroll of identify for 20 gold pieces
  2241 | D:3      | Found Naratz's Antique Weapon Shop.
  2448 | D:3      | Reached skill level 1 in Stealth
  2490 | D:3      | Reached XP level 5. HP: 42/42 MP: 5/5
  2724 | D:3      | Found Posut's Distillery.
  2726 | D:3      | Found Qoicw's Book Shop.
  2905 | D:4      | Noticed Blork the orc
  2925 | D:4      | Slain by Blork the orc

Illustrated notes

Levels and vault maps discovered:
D:1:      minmay_arrival_four_houses, layout_loops_ring, serial_bayou,
          serial_bayou_pond_c, serial_bayou_pond_d, serial_bayou_ford_a,
          serial_bayou_lagoon_b, shapermc_ecumenical_altar_rom_forum,
          nicolae_wormholes
D:2:      layout_basic, nicolae_shop_vocational
D:3:      layout_loops_cross, serial_shops, shop, shop, shop, shop,
          nicolae_shop_rolling_square, kennysheep_generic_room_8
D:4:      layout_loops_ring, nemelex_dance_club_becter,
          minmay_temple_entry_arrows, nicolae_underground_beach, uniq_pikel,
          uniq_blork_the_orc, uniq_natasha

Skill      XL: |  1  2  3  4 |
---------------+-------------+-----
Dodging        | 3 |  3.3
Axes           | 4 |  4.1
Fighting       | 4 |  4.0
Stealth        | 1 |  1.1
Armour         | |  0.1
Spellcasting   | |  0.4

Action                     |  1- 3 |  4- 6 || total
---------------------------+-------+-------++-------
  Melee: Hand axe          |    82 |    92 ||   174
   Cast: Shock             |     3 |     2 ||     5
    Use: Scroll            |       |     4 ||     4
 Armour: Robe              |    14 |       ||    14
         Ring mail         |       |    24 ||    24
  Dodge: Dodged            |    68 |    74 ||   142
